 Dungeon Crawl Stone Soup version 0.30-a0-568-g124715a40b (webtiles) character file.

Game seed: 13102356916215994739

823 arthad the Magician (level 7, -4/51 HPs)
             Began as a Gnoll Hedge Wizard on Dec 28, 2022.
             Slain by a gnoll
             ... wielding a +0 flail
             ... led by a gnoll sergeant
              (10 damage)
             ... on level 5 of the Dungeon.
             The game lasted 00:11:54 (4881 turns).

arthad the Magician (Gnoll Hedge Wizard)            Turns: 4881, Time: 00:11:55

Health: -4/51      AC:  2    Str:  8    XL:     7   Next: 96%
Magic:  9/18       EV: 14    Int: 15    God:
Gold:   179        SH:  0    Dex: 15    Spells: 13/21 levels left

rFire   . . .      SeeInvis .    s - +1 short sword (vamp)
rCold   + . .      Faith    .    (no shield)
rNeg    + . .      Spirit   .    b - +0 robe
rPois   .          Reflect  .    c - +0 hat
rElec   .          Harm     .    (no cloak)
rCorr   .          Rampage  .    (no gloves)
Will    .....                    (no boots)
Stlth   +++                      (no amulet)
HPRegen 0.28/turn                q - ring of positive energy
MPRegen 0.16/turn                (no ring)

@: no status effects
A: fangs 1, strong nose, distributed training, agile 1, cold resistance 1
a: no special abilities


You were on level 5 of the Dungeon.
You visited 1 branch of the dungeon, and saw 6 of its levels.
You also visited: Sewer.

You collected 179 gold pieces.

Inventory:

Hand Weapons
 a - a +0 dagger
 k - a +0 sling
 n - a +2 short sword of holy wrath
 s - a +1 vampiric short sword (weapon)
Missiles
 e - 29 poisoned darts
 x - a curare-tipped dart
Armour
 b - a +0 robe (worn)
 c - a +0 hat (worn)
Jewellery
 l - an amulet of faith
 q - a ring of positive energy (left hand)
Wands
 t - a wand of roots (6)
Scrolls
 g - 3 scrolls of fear
 h - a scroll of poison
 j - a scroll of identify
 o - 2 scrolls of blinking
 r - a scroll of acquirement {unknown}
 u - a scroll of butterflies {unknown}
 v - a scroll of brand weapon
 w - 2 scrolls of fog
 y - 3 scrolls of teleportation
Potions
 d - 3 potions of magic
 f - a potion of curing
 i - 3 potions of heal wounds
 m - 2 potions of mutation
 p - a potion of might


   Skills:
 + Level 2.9 Fighting
 + Level 2.9 Short Blades
 + Level 2.9 Long Blades
 + Level 2.9 Axes
 + Level 2.9 Maces & Flails
 + Level 2.9 Polearms
 + Level 2.9 Staves
 + Level 2.9 Ranged Weapons
 + Level 2.9 Throwing
 + Level 2.9 Armour
 + Level 5.5 Dodging
 + Level 5.1 Stealth
 + Level 2.9 Shields
 + Level 2.9 Unarmed Combat
 + Level 7.8 Spellcasting
 + Level 3.2 Conjurations
 + Level 2.3 Hexes
 + Level 3.2 Summonings
 + Level 2.3 Necromancy
 + Level 3.2 Translocations
 + Level 2.3 Transmutations
 + Level 2.3 Fire Magic
 + Level 2.3 Ice Magic
 + Level 2.3 Air Magic
 + Level 2.3 Earth Magic
 + Level 2.3 Poison Magic
 + Level 3.2 Invocations
 + Level 2.9 Evocations


You had 13 spell levels left.
You knew the following spells:

 Your Spells              Type           Power      Damage    Failure   Level
a - Magic Dart            Conj           60%        1d6       3%          1
b - Blink                 Tloc           30%        N/A       4%          2
c - Call Imp              Summ           15%        N/A       4%          2
d - Mephitic Cloud        Conj/Pois/Air  13%        N/A       12%         3

Your spell library contained the following spells:

 Spells                   Type           Power      Damage    Failure   Level
 Slow                     Hex            52%        N/A       4%          1
 Cigotuvi's Dreadful Rot  Necr/Pois/Air  26%        N/A       7%          2


Dungeon Overview and Level Annotations

Branches:
Dungeon (6/15)              Sewer (visited)
 Temple: D:4-7

Altars:
Fedhas


Innate Abilities, Weirdness & Mutations

You have very sharp teeth.
Your uncanny sense of smell can sniff out nearby items.
Your experience applies equally to all skills.
You are agile. (Dex +4, Str/Int -1)
Your flesh is cold resistant. (rC+)


Message History

The grasping roots constrict the gnoll sergeant!
The grasping roots constrict the gnoll!
You kill the gnoll!
The grasping roots constrict the gnoll.
The roots release their grip on the gnoll.
The gnoll sergeant struggles to escape constriction.
The grasping roots constrict the gnoll sergeant.
The roots release their grip on the gnoll sergeant.
You are too injured to fight recklessly!
Your magical contamination has completely faded away.
There is an open door here.
Aiming: Magic Dart (safe; 3% risk of failure)
Press: ? - help, Q - select action, (/) - cycle Shift-Dir - straight line, f/p - gnoll sergeant
Aim: a gnoll sergeant, wielding a +2 short sword of speed and wearing a +0 scale mail (severely wounded, 100% to hit)
The magic dart hits the gnoll sergeant.
The gnoll sergeant is severely wounded.
Aiming: Magic Dart (safe; 3% risk of failure)
Press: ? - help, Q - select action, (/) - cycle Shift-Dir - straight line, f/p - gnoll sergeant
Aim: a gnoll sergeant, wielding a +2 short sword of speed and wearing a +0 scale mail (severely wounded, 100% to hit)
The magic dart hits the gnoll sergeant.
The gnoll sergeant is almost dead.
The gnoll sergeant closely misses you. x2
Aiming: Magic Dart (safe; 3% risk of failure)
Press: ? - help, Q - select action, (/) - cycle Shift-Dir - straight line, f/p - gnoll sergeant
Aim: a gnoll sergeant, wielding a +2 short sword of speed and wearing a +0 scale mail (almost dead, 100% to hit)
The magic dart hits the gnoll sergeant but does no damage.
The gnoll sergeant is almost dead.
The gnoll sergeant hits you with a +2 short sword of speed!
* * * LOW HITPOINT WARNING * * *
The gnoll barely misses you.
Unknown command.
Aiming: Magic Dart (safe; 3% risk of failure)
Press: ? - help, Q - select action, (/) - cycle Shift-Dir - straight line, f/p - gnoll sergeant
Aim: a gnoll sergeant, wielding a +2 short sword of speed and wearing a +0 scale mail (almost dead, 100% to hit)
The magic dart hits the gnoll sergeant.
The gnoll sergeant is almost dead.
The gnoll sergeant hits you with a +2 short sword of speed.
* * * LOW HITPOINT WARNING * * *
The gnoll hits you with a +0 flail!
You die...

+......# ##......#
#.......# #.......+
#.......# ##......#
+...g..# ##.gg#####
∆#.#@#...#+#
###.......#####
#...........#.#+#
##.........##...###
+.........+......#
##.......##......#
#.......#.......#
####'####.......+
#.......#.......#


You could see a gnoll sergeant and 2 gnolls.

Vanquished Creatures
  8 kobold brigands (Sewer)
  A jelly (D:6)
  Terence (D:3)
  5 gnolls
  6 adders
  A river rat (Sewer)
  A shadow imp (D:3)
  3 worms (Sewer)
  2 dart slugs
  3 orcs (D:3)
  6 bats
  10 endoplasms
  5 giant cockroaches
  5 goblins
  5 hobgoblins
  6 kobolds
  4 quokkas
  12 ball pythons
  3 frilled lizards
  6 rats
93 creatures vanquished.

Vanquished Creatures (others)
  5 plants (D:3)
5 creatures vanquished.

Grand Total: 98 creatures vanquished

Notes
Turn   | Place    | Note
-------+----------+-------------------------------------------
     0 | D:1      | arthad the Gnoll Hedge Wizard began the quest for the Orb.
     0 | D:1      | Reached XP level 1. HP: 13/13 MP: 8/8
   192 | D:1      | Reached XP level 2. HP: 14/19 MP: 3/10
  1282 | D:2      | Reached XP level 3. HP: 25/25 MP: 6/11
  1473 | D:2      | Reached skill level 1 in Invocations
  1697 | D:2      | Reached skill level 1 in Fighting
  1697 | D:2      | Reached skill level 1 in Short Blades
  1697 | D:2      | Reached skill level 1 in Long Blades
  1697 | D:2      | Reached skill level 1 in Axes
  1697 | D:2      | Reached skill level 1 in Maces & Flails
  1697 | D:2      | Reached skill level 1 in Polearms
  1697 | D:2      | Reached skill level 1 in Staves
  1697 | D:2      | Reached skill level 1 in Ranged Weapons
  1697 | D:2      | Reached skill level 1 in Throwing
  1697 | D:2      | Reached skill level 1 in Armour
  1697 | D:2      | Reached skill level 1 in Shields
  1697 | D:2      | Reached skill level 1 in Unarmed Combat
  1697 | D:2      | Reached skill level 1 in Evocations
  2058 | D:3      | Found a blossoming altar of Fedhas.
  2476 | D:3      | Reached XP level 4. HP: 22/32 MP: 8/13
  2565 | D:3      | Noticed Terence
  2591 | D:3      | Gained mutation: You are agile. (Dex +4, Str/Int -1)
                  | [potion of mutation]
  2591 | D:3      | Gained mutation: You occasionally lose the ability to read
                  | scrolls when taking damage. [potion of mutation]
  2591 | D:3      | Lost mutation: You occasionally lose the ability to read
                  | scrolls when taking damage. [potion of mutation]
  2591 | D:3      | Gained mutation: Your flesh is cold resistant. (rC+)
                  | [potion of mutation]
  2598 | D:3      | Killed Terence
  2599 | D:3      | Reached skill level 1 in Hexes
  2599 | D:3      | Reached skill level 1 in Necromancy
  2599 | D:3      | Reached skill level 1 in Transmutations
  2599 | D:3      | Reached skill level 1 in Fire Magic
  2599 | D:3      | Reached skill level 1 in Ice Magic
  2599 | D:3      | Reached skill level 1 in Air Magic
  2599 | D:3      | Reached skill level 1 in Earth Magic
  2599 | D:3      | Reached skill level 1 in Poison Magic
  2684 | D:3      | Reached XP level 5. HP: 27/37 MP: 7/14
  2697 | D:3      | Learned a level 2 spell: Blink
  2700 | D:3      | Learned a level 2 spell: Call Imp
  2704 | D:3      | Learned a level 3 spell: Mephitic Cloud
  3248 | D:4      | You fall into a shaft and drop 2 floors!
  3383 | D:6      | Found a glowing drain.
  3403 | Sewer    | Entered a sewer
  3541 | Sewer    | Noticed a kobold brigand
  3541 | Sewer    | Noticed a kobold brigand
  3541 | Sewer    | Noticed a kobold brigand
  3547 | Sewer    | Killed a kobold brigand
  3548 | Sewer    | Reached skill level 5 in Dodging
  3548 | Sewer    | Reached XP level 6. HP: 40/44 MP: 10/16
  4029 | Sewer    | Reached XP level 7. HP: 50/50 MP: 9/18
  4384 | Sewer    | Reached skill level 5 in Stealth
  4797 | D:5      | Entered Level 5 of the Dungeon
  4881 | D:5      | Slain by a gnoll

Illustrated notes

Levels and vault maps discovered:
D:1:      onia_arrival_pyramid, layout_basic
D:2:      layout_rooms
D:3:      cheibrodos_old_hovel, layout_loops_cross, fedhas_altar_1, uniq_terence
D:4:      layout_layer_cave, mainiacjoe_overflow_six_doors_small,
          minmay_temple_entry_glass, serial_shops,
          nicolae_shop_bloodbath_and_beyond, dreamdust_princess_bridge,
          kennysheep_minor_cross, minmay_pentomino_pile
D:5:      nicolae_cairo_tiling_very_big, layout_basic
D:6:      layout_basic, kennysheep_mini, okawaru_altar_gauntlet_db,
          gup_sewer_entry_pipe, uniq_menkaure

Skill      XL: |  1  2  3  4  5  6  7 |
---------------+----------------------+-----
Conjurations   | 2 3 |  3.2
Summonings     | 2 3 |  3.2
Translocations | 2 3 |  3.2
Invocations    | 1 2 3 |  3.2
Fighting       | 1 2 |  2.9
Short Blades   | 1 2 |  2.9
Long Blades    | 1 2 |  2.9
Axes           | 1 2 |  2.9
Maces & Flails | 1 2 |  2.9
Polearms       | 1 2 |  2.9
Staves         | 1 2 |  2.9
Ranged Weapons | 1 2 |  2.9
Throwing       | 1 2 |  2.9
Armour         | 1 2 |  2.9
Shields        | 1 2 |  2.9
Unarmed Combat | 1 2 |  2.9
Evocations     | 1 2 |  2.9
Hexes          | 1 2 |  2.3
Necromancy     | 1 2 |  2.3
Transmutations | 1 2 |  2.3
Fire Magic     | 1 2 |  2.3
Ice Magic      | 1 2 |  2.3
Air Magic      | 1 2 |  2.3
Earth Magic    | 1 2 |  2.3
Poison Magic   | 1 2 |  2.3
Dodging        | 5 |  5.5
Stealth        | 5 |  5.1
Spellcasting   | |  7.8

Action                   |  1- 3 |  4- 6 |  7- 9 || total
-------------------------+-------+-------+-------++-------
Melee: Short sword       |     2 |    35 |    15 ||    52
       Bite              |       |     3 |     1 ||     4
       Punch             |       |       |     1 ||     1
Throw: Dart              |       |       |     7 ||     7
 Cast: Magic Dart        |   114 |   150 |    89 ||   353
       Call Imp          |       |     1 |       ||     1
Evoke: Wand              |       |     1 |     1 ||     2
  Use: Potion            |       |     6 |     2 ||     8
       Scroll            |       |     9 |       ||     9
Armor: Robe              |     6 |     5 |     2 ||    13
Dodge: Dodged            |    13 |    48 |    26 ||    87

Table legend: (Time is in decaauts)
 A = Elapsed time spent in this place.
 B = Non-inter-level travel time spent in this place.
 C = Inter-level travel time spent in this place.
 D = Time resting spent in this place.
 E = Time spent auto-exploring this place.
 F = Levels seen in this place.
 G = Mean time per level.
                   A        B        C        D        E       F      G
               +--------+--------+--------+--------+--------+-----+--------+
         Total |   4955 |   4883 |     72 |    711 |   3419 |   7 |  707.9 |
       Dungeon |   3532 |   3460 |     72 |    296 |   2697 |   6 |  588.7 |
         Sewer |   1423 |   1423 |      0 |    415 |    722 |   1 | 1423.0 |
               +--------+--------+--------+--------+--------+-----+--------+

Top non-repeatable levels by time:
   Sewer: 1423 daAuts
     D:1: 1214 daAuts
     D:3: 1180 daAuts
     D:2: 842 daAuts
     D:6: 192 daAuts
     D:5: 83 daAuts
     D:4: 18 daAuts
